 Dungeon Crawl Stone Soup version 0.31.0-2-g5a2aebc5c2 (webtiles) character file.

Game seed: 9941176731504342716

96 Esekla the Chiller (level 4, -1/22 HPs)
             Began as a Vine Stalker Wanderer on Jan 20, 2024.
             Slain by a gnoll
             ... wielding a +0 spear
              (3 damage)
             ... on level 2 of the Dungeon.
             The game lasted 00:06:43 (1361 turns).

Esekla the Chiller (Vine Stalker Wanderer)          Turns: 1361, Time: 00:06:44

Health: -1/22      AC:  3    Str: 17    XL:     4   Next: 67%
Magic:  0/8        EV: 11    Int: 13    God:
Gold:   132        SH:  0    Dex: 12    Spells: 3/7 levels left

rFire   . . .        a - +0 dagger
rCold   . . .        (no shield)
rNeg    . . .        m - +0 robe
rPois   .            (no helmet)
rElec   .            (no cloak)
rCorr   .            (no gloves)
SInv    .            i - +0 pair of boots
Will    .....        (no amulet)
Stlth   +            (no ring)
HPRegen 1.03/turn    (no ring)
MPRegen 0.11/turn

%: guardian spirit
@: no status effects
A: fangs 2, regeneration 1, magic shield, antimagic bite, no potion heal 2
a: no special abilities


You were on level 2 of the Dungeon.
You visited 1 branch of the dungeon, and saw 2 of its levels.

You collected 132 gold pieces.

Inventory:

Hand Weapons
 a - a +0 dagger (weapon)
Missiles
 b - 14 poisoned darts (quivered)
Armour
 i - a +0 pair of boots (worn)
 k - a +0 kite shield
 m - a +0 robe (worn)
Scrolls
 f - 2 scrolls of acquirement {unknown}
 g - 3 scrolls of identify {unknown}
 h - a scroll of silence {unknown}
 j - a scroll of immolation {unknown}
 l - a scroll of noise {unknown}
Potions
 c - a potion of curing
 d - a potion of invisibility


   Skills:
 * Level 1.4 Fighting
 + Level 0.8 Short Blades
 + Level 1.7 Throwing
 + Level 0.7 Armour
 + Level 0.1 Dodging
 + Level 0.1 Stealth
 - Level 1.0 Unarmed Combat
 * Level 2.3 Spellcasting
 + Level 5.7 Ice Magic


You had 3 spell levels left.
You knew the following spells:

 Your Spells              Type           Power      Damage    Failure   Level
a - Ozocubu's Armour      Ice            16%        N/A       7%          3
b - Freeze                Ice            64%        1d7       2%          1

Your spell library contained the following spells:

 Spells                   Type           Power      Damage    Failure   Level
 Ensorcelled Hibernation  Hex/Ice        16%        N/A       12%         2


Dungeon Overview and Level Annotations

Branches:
Dungeon (2/15)

Altars:

Shops:
D:2 =


Innate Abilities, Weirdness & Mutations

You have extremely sharp teeth.
Your natural rate of healing is unusually fast.
When hurt, damage is shared between your health and your magic reserves.
Your bite disrupts and absorbs the magic of your enemies.
Potions cannot restore your health.


Message History

The gnoll barely misses you.
You barely miss the gnoll. Your bite misses the gnoll.
The gnoll is moderately wounded.
The gnoll hits you with a +0 whip.
You hit the gnoll but do no damage.
The gnoll is moderately wounded.
The gnoll closely misses you. The gnoll hits you with a +0 whip.
You closely miss the gnoll. You bite the gnoll. You drain its power.
You feel invigorated.
The gnoll is heavily wounded.
The gnoll hits you but does no damage. The gnoll hits you with a +0 whip.
You closely miss the gnoll. You bite the gnoll. You drain its power.
You feel invigorated.
The gnoll is severely wounded.
The gnoll hits you from afar with a +0 halberd!
The gnoll closely misses you.
You hit the gnoll. You bite the gnoll, but do no damage.
The gnoll is severely wounded.
The gnoll misses you. The gnoll closely misses you.
You barely miss the gnoll. You bite the gnoll. You drain its power.
You feel invigorated.
The gnoll is almost dead.
The gnoll hits you from afar with a +0 halberd!
The gnoll hits you but does no damage.
You hit the gnoll but do no damage. You bite the gnoll.
You kill the gnoll!
The gnoll hits you but does no damage.
Your icy armour cracks and falls away as you move.
Things that are here:
a +0 whip; a gnoll corpse A gnoll comes into view.
It is wielding a +0 spear.
The gnoll shouts!
A gnoll comes into view. It is wielding a +0 flail.
The gnoll closely misses you. The gnoll attacks as it pursues you!
The gnoll hits you from afar with a +0 spear.
The gnoll hits you with a +0 halberd!
* * * LOW HITPOINT WARNING * * *
The gnoll attacks as it pursues you!
The gnoll hits you from afar with a +0 spear.
You die...

########## ######.# #.
.....∩...# #......# #.
.........# #...#### #.
.........######.#.# #.
..............###.# #.
..........###.#.#.# ###.
...............>#.# #...
..........#...#.#.####.###
#.#.
#########.#.....@.g....g..
#.## #####.#g.#.##..####
#.# #.#.)#.##...... #.#
#.#..#....# #.#
#....)##### #.#
#######.#### #.#
...........# #.#
...........# #.#
...........# #.#


You could see 3 gnolls.

Vanquished Creatures
  A hound (D:2)
  3 adders (D:2)
  A gnoll (D:2)
  2 dart slugs
  2 giant cockroaches (D:2)
  4 goblins (D:2)
  2 hobgoblins
  2 jackals (D:1)
  2 quokkas
  A bat (D:2)
  2 frilled lizards (D:2)
  3 kobolds
  2 rats
27 creatures vanquished.

Notes
Turn   | Place    | Note
-------+----------+-------------------------------------------
     0 | D:1      | Esekla the Vine Stalker Wanderer began the quest for the
                  | Orb.
     0 | D:1      | Esekla set off with the following items: a +0 dagger, 14
                  | poisoned darts, a potion of curing, a potion of
                  | invisibility, a +0 leather armour; and the following spell
                  | memorised: Freeze; and the following spells available to
                  | memorise: Ozocubu's Armour, Ensorcelled Hibernation.
     0 | D:1      | Reached XP level 1. HP: 10/10 MP: 3/3
   375 | D:1      | Reached XP level 2. HP: 14/14 MP: 5/5
   895 | D:2      | Reached XP level 3. HP: 16/18 MP: 6/6
   905 | D:2      | Learned a level 3 spell: Ozocubu's Armour
   914 | D:2      | Found Cisirurym's Jewellery Boutique.
   960 | D:2      | Reached XP level 4. HP: 22/22 MP: 8/8
  1361 | D:2      | Slain by a gnoll

Illustrated notes

Levels and vault maps discovered:
D:1:      dpeg_arrival_leaves_temple_mockup, layout_loops_ring,
          minmay_stone_trees_small, nicolae_titane
D:2:      layout_basic, serial_shops, shop

Skill      XL: |  1  2  3 |
---------------+----------+-----
Spellcasting   | 2 |  2.3
Fighting       | |  1.4
Short Blades   | |  0.8
Throwing       | |  1.7
Armour         | |  0.7
Dodging        | |  0.1
Stealth        | |  0.1
Unarmed Combat | |  1.0
Ice Magic      | |  5.7

Action                     |  1- 3 |  4- 6 || total
---------------------------+-------+-------++-------
  Melee: Dagger            |    80 |    43 ||   123
         Bite              |    23 |    13 ||    36
   Cast: Ozocubu's Armour  |     1 |     2 ||     3
 Armour: Leather armour    |    45 |    13 ||    58
         Robe              |       |    11 ||    11
  Dodge: Dodged            |    43 |    25 ||    68
